 Dungeon Crawl Stone Soup version 0.25-a0-341-g6f074c887a (webtiles) character file.

Game seed: 8497750813253924295, levelgen mode: deterministic

898 BritishOli the Carver (level 7, 50/50 HPs)
             Began as a Demonspawn Gladiator on Dec 30, 2019.
             Got out of the dungeon alive.
             The game lasted 00:11:53 (3873 turns).

BritishOli the Carver (Demonspawn Gladiator)        Turns: 3873, Time: 00:11:53

Health: 50/50      AC: 13    Str: 16    XL:     7   Next: 79%
Magic:  7/7        EV: 10    Int:  9    God:
Gold:   202        SH:  0    Dex: 15    Spells: 6/6 levels left

rFire    . . .     SeeInvis .   a - +0 long sword
rCold    . . .     Gourm    .   (no shield)
rNeg     . . .     Faith    +   k - +0 scale mail
rPois    .         Spirit   +   c - +0 helmet
rElec    .         Reflect  .   z - +2 cloak
rCorr    .         Harm     .   t - +2 pair of gloves
MR       .....                  (no boots)
Stlth    +.........             e - amulet of faith
HPRegen  0.16/turn              n - ring of flight
MPRegen  0.20/turn              v - +3 ring of slaying

@: no status effects
A: hooves 1, nightstalker 1, magic shield, magic regeneration
a: Evoke Flight


You escaped.
You were hungry.

You visited 1 branch of the dungeon, and saw 4 of its levels.

You collected 202 gold pieces.

Inventory:

Hand Weapons
 a - a +0 long sword (weapon)
 y - a +2 quarterstaff of chaos
 F - a +0 dagger
Missiles
 d - 3 throwing nets (quivered)
Armour
 b - a +0 leather armour
 c - a +0 helmet (worn)
 k - a +0 scale mail (worn)
 o - a +0 cloak
 t - a +2 pair of gloves (worn)
 z - a +2 cloak (worn)
Jewellery
 e - an amulet of faith (around neck)
 n - a ring of flight (left hand)
 u - an uncursed amulet of rage {unknown}
 v - a +3 ring of slaying (right hand)
Wands
 x - a wand of polymorph (1)
 C - a wand of flame (17)
Scrolls
 l - 7 scrolls of teleportation {unknown}
 m - 2 scrolls of enchant armour {unknown}
 s - a scroll of identify {unknown}
 A - a scroll of amnesia {unknown}
 E - a scroll of remove curse {unknown}
Potions
 g - a potion of curing {unknown}
 h - a potion of resistance {unknown}
 i - 2 potions of heal wounds
 j - a potion of mutation {unknown}
 p - a potion of brilliance {unknown}
 q - 2 potions of flight {unknown}
 r - a potion of might
 w - a potion of degeneration {unknown}
 B - a potion of invisibility {unknown}
 D - a potion of haste {unknown}
Comestibles
 f - 7 rations


   Skills:
 - Level 2.0 Fighting
 + Level 8.5 Long Blades
 - Level 1.8 Throwing
 - Level 2.7 Dodging
 - Level 1.0 Stealth


You had 6 spell levels left.
You didn't know any spells.
Your spell library was empty.

Dungeon Overview and Level Annotations

Branches:
Dungeon (4/15)
 Temple: D:4-7

Altars:
Ashenzari
Dithmenos
Nemelex Xobeh
Qazlal
Trog
The Shining One


Innate Abilities, Weirdness & Mutations

You have large cloven feet.
You are slightly more attuned to the shadows.
When hurt, damage is shared between your health and your magic reserves.
You regenerate magic rapidly.


Message History

(D) Dungeon
Where to? (Enter - D:2, ? - help)
You see here a cloak.
There is a fountain of clear blue water here.
There is a stone staircase leading up here.
You climb upwards.
HP restored.
There is a stone staircase leading down here.
(D) Dungeon
Where to? (Enter - D:1, ? - help)
Okay, then.
(D) Dungeon
Where to? (Enter - D:1, ? - help)
Okay, then.
You see here a dagger.
F - a dagger
There is a stone staircase leading down here.
There is an open door here.
There is a staircase leading out of the dungeon here.
Are you sure you want to leave the Dungeon?
This will make you lose the game!
You have escaped!

#.##...##..#.#
#.##...##..#.#
#..#'####..#.#
#....####..#.#
###.....##'#.#
##.......#.#
####'#.....#
#....#'#..##
#@...#.####
########


There were no monsters in sight!

Vanquished Creatures
  Menkaure (D:4)
  2 ogres (D:4)
  Blork the orc (D:4)
  A howler monkey (D:3)
  Crazy Yiuf (D:3)
  2 orc priests (D:3)
  Jessica (D:2)
  Ijyb (D:3)
  Natasha (thrice) (D:2)
  4 worker ants
  Robin (D:3)
  An adder (D:4)
  3 gnolls (D:3)
  An ooze (D:2)
  4 worms
  2 dart slugs
  6 leopard geckos
  18 orcs
  2 ball pythons (D:1)
  A giant cockroach (D:1)
  21 goblins
  9 hobgoblins
  9 jackals
  9 kobolds
  2 quokkas (D:3)
  5 bats
  4 frilled lizards
  11 rats
126 creatures vanquished.

Notes
Turn   | Place    | Note
-------+----------+-------------------------------------------
     0 | D:1      | BritishOli the Demonspawn Gladiator began the quest for the
                  | Orb.
     0 | D:1      | Reached XP level 1. HP: 16/16 MP: 1/1
   281 | D:1      | Reached skill level 3 in Long Blades
   325 | D:1      | Gained mutation: When hurt, damage is shared between your
                  | health and your magic reserves. [demonic ancestry]
   325 | D:1      | Reached XP level 2. HP: 14/22 MP: 2/2
   952 | D:2      | Noticed Jessica
   956 | D:2      | Killed Jessica
   956 | D:2      | Reached skill level 4 in Long Blades
   956 | D:2      | Gained mutation: You regenerate magic rapidly. [demonic
                  | ancestry]
   956 | D:2      | Reached XP level 3. HP: 25/27 MP: 3/3
  1074 | D:2      | Gained mutation: You have large cloven feet. [demonic
                  | ancestry]
  1074 | D:2      | Reached XP level 4. HP: 21/33 MP: 2/4
  1247 | D:2      | Noticed Natasha
  1256 | D:2      | Killed Natasha
  1477 | D:2      | Noticed Natasha
  1483 | D:2      | Killed Natasha
  1483 | D:2      | Reached skill level 5 in Long Blades
  1633 | D:2      | Noticed Natasha
  1640 | D:2      | Killed Natasha
  1640 | D:2      | Reached XP level 5. HP: 37/38 MP: 5/5
  1697 | D:3      | Noticed Robin
  1710 | D:3      | Killed Robin
  1770 | D:3      | Found a stormy altar of Qazlal.
  1775 | D:3      | Found a shadowy altar of Dithmenos.
  1778 | D:3      | Found a glowing golden altar of the Shining One.
  2050 | D:3      | Found a sparkling altar of Nemelex Xobeh.
  2342 | D:3      | Reached skill level 6 in Long Blades
  2366 | D:3      | Reached XP level 6. HP: 15/44 MP: 3/6
  2601 | D:3      | Noticed Ijyb
  2612 | D:3      | Killed Ijyb
  2690 | D:3      | Found a faded altar of an unknown god.
  2723 | D:3      | Found a runed translucent door.
  2724 | D:3      | Noticed Crazy Yiuf
  2732 | D:3      | Killed Crazy Yiuf
  2890 | D:3      | Found a bloodstained altar of Trog.
  3026 | D:3      | Reached skill level 7 in Long Blades
  3026 | D:3      | Reached skill level 1 in Stealth
  3157 | D:4      | Gained mutation: You are slightly more attuned to the
                  | shadows. [demonic ancestry]
  3157 | D:4      | Reached XP level 7. HP: 24/50 MP: 4/7
  3330 | D:4      | Noticed Blork the orc
  3343 | D:4      | Killed Blork the orc
  3388 | D:4      | Found a shattered altar of Ashenzari.
  3388 | D:4      | Noticed Menkaure
  3394 | D:4      | Killed Menkaure
  3394 | D:4      | Reached skill level 8 in Long Blades
  3873 | D:$      | Got out of the dungeon alive.

Levels and vault maps discovered:
D:1:      dpeg_arrival_short_road, layout_basic
D:2:      layout_basic, first_ration, grunt_ministairs_4, lemuel_another_geyser,
          uniq_natasha, uniq_jessica
D:3:      layout_rooms, grunt_temple_overflow_cloverleaf,
          chequers_ecumenical_altar_simple_redux, trog_butcher_becter,
          uniq_crazy_yiuf_cottage, uniq_robin, uniq_ijyb
D:4:      layout_cave_pools, kennysheep_little_box, uniq_menkaure,
          uniq_blork_the_orc, uniq_grinder, uniq_eustachio

Skill      XL: |  1  2  3  4  5  6  7 |
---------------+----------------------+-----
Long Blades    | 3 4 5 6 7 8 |  8.5
Stealth        | 1 |  1.0
Fighting       | |  2.0
Throwing       | |  1.8
Dodging        | |  2.7

Action                   |  1- 3 |  4- 6 |  7- 9 || total
-------------------------+-------+-------+-------++-------
Melee: Long sword        |    90 |   160 |    47 ||   297
       Kick              |       |    44 |    23 ||    67
  Use: Potion            |       |       |     1 ||     1
 Stab: Sleeping          |       |       |     1 ||     1
  Eat: Chunk             |       |     7 |     2 ||     9
Armor: Leather armour    |    13 |       |       ||    13
       Scale mail        |    21 |    86 |    34 ||   141
       Skin              |       |     4 |       ||     4
Dodge: Dodged            |    70 |    99 |    43 ||   212
       Rpst.: Long sword |    23 |    32 |    10 ||    65

Table legend:
 A = Non-vault XP
 B = Vault XP
 C = Vault XP percentage of total XP
 D = Non-vault monster count
 E = Vault monster count
 F = Vault count percentage of total count
                 A         B        C        D         E       F
            +---------+---------+-------+---------+---------+-------
      Total |     825 |     458 |  35.7 |     103 |      23 |  18.3
            +---------+---------+-------+---------+---------+-------
        D:1 |      36 |       0 |   0.0 |      24 |       0 |   0.0
        D:2 |     123 |      78 |  38.8 |      26 |       4 |  13.3
        D:3 |     320 |     117 |  26.8 |      37 |      17 |  31.5
        D:4 |     346 |     263 |  43.2 |      16 |       2 |  11.1
            +---------+---------+-------+---------+---------+-------
